 Dungeon Crawl Stone Soup version 0.18-a0-1677-g2bdad6c (webtiles) character file.

8 player1 the Sneak (level 2, -2/21 HPs)
             Began as a Demonspawn Wanderer on Apr 2, 2016.
             Slain by a gnoll zombie (6 damage)
             ... on level 2 of the Dungeon.
             The game lasted 00:01:17 (368 turns).

player1 the Sneak (Demonspawn Wanderer)              Turns: 368, Time: 00:01:18

Health: -2/21      AC:  2    Str: 12    XL:     2   Next: 0%
Magic:  3/3        EV: 12    Int: 12    God:
Gold:   33         SH:  0    Dex: 13    Spells: 0 memorised, 3 levels left

rFire  . . .     SeeInvis .     a - +2 dagger
rCold  . . .     Gourm    .     e - +0 robe
rNeg   . . .     Faith    .     (no shield)
rPois  .         Spirit   .     (no helmet)
rElec  .         Dismiss  +     (no cloak)
rCorr  .         Reflect  .     (no gloves)
SustAt .         Harm     .     (no boots)
MR     .....                    g - amulet of dismissal
Stlth  ++........               (no ring)
                                (no ring)

@: not resistant to hostile enchantments, unstealthy
A: demonic guardian 1
a: no special abilities


You were on level 2 of the Dungeon.
You were not hungry.

You visited 1 branch of the dungeon, and saw 2 of its levels.

You collected 33 gold pieces.

Inventory:

Hand Weapons
 a - a +2 dagger (weapon)
 d - a +0 spear
Armour
 e - a +0 robe (worn)
Jewellery
 g - an amulet of dismissal (around neck)
Scrolls
 k - a scroll of identify {unknown}
 l - a scroll of enchant armour {unknown}
Potions
 b - a potion of berserk rage
 c - a potion of lignification
 h - a potion of agility {unknown}
 i - a potion of mutation {unknown}
 j - a potion of cure mutation {unknown}
Comestibles
 f - a bread ration


   Skills:
 + Level 1.6 Fighting
 - Level 1.0 Polearms
 - Level 1.7 Dodging
 - Level 2.6 Stealth
 - Level 1.0 Spellcasting
   Level 1.0 Conjurations
   Level 1.1 Necromancy
   Level 1.0 Evocations


You had 3 spell levels left.
You didn't know any spells.

Dungeon Overview and Level Annotations

Branches:
Dungeon (2/15)

Altars:


Innate Abilities, Weirdness & Mutations

A weak demonic guardian rushes to your aid.


Message History

You hit the gnoll zombie.
You destroy the gnoll zombie!
You have reached level 2!
Your demonic ancestry asserts itself...
You feel the presence of a demonic guardian.
No target in view!
No target in view!
l - a scroll labeled PISOSH ESEUTIA You start resting.
The gnoll zombie barely misses you.
You hit the gnoll zombie. You barely miss the gnoll zombie.
The gnoll zombie hits you.
You hit the gnoll zombie. The gnoll zombie barely misses you.
You hit the gnoll zombie. The gnoll zombie hits you.
* * * LOW HITPOINT WARNING * * *
You are too injured to fight recklessly!
You are too injured to fight recklessly!
You are too injured to fight recklessly!
You hit the gnoll zombie. The gnoll zombie hits you.
You die...

#.....# #.....#
#.....# ## #.....#
.###### #####.....#
......# #...#.....#
......####...###.###
........##...# #.#
......#......# #@#
.#########...###Z#
...#########.....#
.#..)......#....##
...†######.....##
.....## ##....#
......# #...##
......# #.#.##
......#
#.#..###############


You could see a gnoll zombie.

Vanquished Creatures
  2 goblins (D:2)
  A hobgoblin (D:2)
  2 bats (D:2)
  A gnoll zombie (D:2)
  A kobold (D:2)
  A rat (D:1)
8 creatures vanquished.

Notes
Turn   | Place    | Note
--------------------------------------------------------------
     0 | D:1      | player1 the Demonspawn Wanderer began the quest for the Orb.
     0 | D:1      | player1 set off with: a +2 dagger, a potion of berserk rage, a potion of lignification, a +0 spear, a +0 robe, a bread ration
     0 | D:1      | Reached XP level 1. HP: 13/13 MP: 2/2
    68 | D:1      | You fall through a shaft!
   130 | D:2      | Reached skill level 1 in Fighting
   291 | D:2      | Gained mutation: A weak demonic guardian rushes to your aid. [demonic ancestry]
   291 | D:2      | Reached XP level 2. HP: 7/21 MP: 3/3
   368 | D:2      | Slain by a gnoll zombie

Vault maps used:
D:1:      grunt_arrival_lava_bath
D:2:      kennysheep_the_goblin_king, lemuel_zombie_altar_yredelemnul

Skill      XL: |  1 |
---------------+----+-----
Fighting       | 1 |  1.6
Polearms       | |  1.0
Dodging        | |  1.7
Stealth        | |  2.6
Spellcasting   | |  1.0
Conjurations   | |  1.0
Necromancy     | |  1.1
Evocations     | |  1.0

Action                   || total
-------------------------++-------
Melee: Dagger            ||    29
 Stab: Sleeping          ||     4
